 Dungeon Crawl Stone Soup version 0.18.1-48-g4cf74bf (webtiles) character file.

16468 mihav the Basher (level 12, -13/110 HPs)
             Began as a Minotaur Berserker on Aug 27, 2016.
             Was a High Priest of Trog.
             Killed from afar by an efreet (19 damage)
             ... with a fireball
             ... on level 13 of the Dungeon.
             The game lasted 02:00:32 (14173 turns).

mihav the Basher (Minotaur Berserker)              Turns: 14173, Time: 02:00:32

Health: -13/110    AC: 16    Str: 28    XL:     12   Next: 10%
Magic:  3/3        EV: 12    Int:  4    God:    Trog [*****.]
Gold:   286        SH:  4    Dex: 16    Spells: 0 memorised, 11 levels left

rFire  . . .     SeeInvis .     a - +4 great mace (antimagic)
rCold  . . .     Gourm    .     N - +4 ring mail
rNeg   . . .     Faith    .     (shield currently unavailable)
rPois  .         Spirit   .     (helmet restricted)
rElec  .         Dismiss  .     L - +0 cloak
rCorr  .         Reflect  +     t - +0 pair of gloves
SustAt .         Harm     .     y - +0 pair of boots
MR     .....                    R - +4 amulet of reflection
Stlth  +.........               O - +2 ring of dexterity
                                v - +5 ring of strength

@: very slightly contaminated, hasted, drained, very quick, not resistant to
hostile enchantments, very unstealthy
A: retaliatory headbutt, horns 2
a: Berserk, Trog's Hand, Brothers in Arms, Burn Spellbooks, Renounce Religion


You were on level 13 of the Dungeon.
You worshipped Trog.
Trog was extremely pleased with you.
You were not hungry.

You visited 1 branch of the dungeon, and saw 13 of its levels.
You also visited: Sewer.

You collected 678 gold pieces.
You spent 392 gold pieces at shops.

Inventory:

Hand Weapons
 a - a +4 antimagic great mace (weapon)
 b - a +0 hunting sling
 j - a +2 whip of freezing
 s - the +4 mace of Imunkum {crush, rPois}
   (You bought it in a shop on level 6 of the Dungeon)

   It inflicts extra damage upon your enemies.
   It protects you from poison.
 x - a +1 halberd of flaming
Missiles
 D - 103 sling bullets
 E - 2 javelins of penetration (quivered)
 I - 5 tomahawks
Armour
 n - a +0 scale mail of fire resistance
 t - a +0 pair of gloves (worn)
 w - a +0 chain mail
 y - a +0 pair of boots (worn)
 L - a +0 cloak (worn)
 N - a +4 ring mail (worn)
 P - a fire dragon hide
Jewellery
 v - a +5 ring of strength (left hand)
 G - an uncursed amulet of guardian spirit
 O - a +2 ring of dexterity (right hand)
 R - a +4 amulet of reflection (around neck)
Scrolls
 e - a scroll of magic mapping {unknown}
 h - 2 scrolls of teleportation
 i - a scroll of fear
 l - 2 scrolls of immolation
 m - 5 scrolls of remove curse
 q - a scroll of noise
 A - a scroll of enchant armour {unknown}
 C - a scroll of vulnerability {unknown}
 J - 2 scrolls of fog
 K - 4 scrolls of recharging
 M - a scroll of amnesia {unknown}
Potions
 d - a potion of flight
 f - a potion of cancellation
 p - a potion of brilliance
 u - a potion of mutation {unknown}
 z - a potion of resistance {unknown}
 B - 4 potions of magic
 F - 3 potions of berserk rage {unknown}
 Q - a potion of cure mutation
Comestibles
 c - 7 bread rations
 g - 2 slices of pizza
 o - 2 meat rations
 r - 9 fruits


   Skills:
 + Level 11.5(11.0) Fighting
 + Level 12.6(12.1) Maces & Flails
 + Level 4.5(4.1) Throwing
 + Level 12.2(11.7) Armour
 + Level 9.6(9.2) Dodging
 + Level 1.2(0.8) Stealth


You had 11 spell levels left.
You didn't know any spells.

Dungeon Overview and Level Annotations

Branches:
Dungeon (13/15)            Temple (0/1) D:7            Lair (0/8) D:11
    Orc: D:9-12      Vaults: D:13-14

Altars:
Elyvilon
Fedhas
Okawaru
Qazlal
Trog
Yredelemnul

Shops:
D:4 [!(=   D:6 (   D:9 ?   D:10 =


Innate Abilities, Weirdness & Mutations

You reflexively headbutt those who attack you in melee.
You have a pair of horns on your head.


Message History

Eat which item? (? for menu, Esc to quit)
You continue eating. x2
You finish eating.
That meat ration really hit the spot!
You sock the cyclops! You headbutt the cyclops.
The cyclops is moderately wounded.
The cyclops hits you!!
* * * LOW HITPOINT WARNING * * *
An efreet comes into view. It is wielding a scimitar of flaming.
Drink which item? (? for menu, Esc to quit)
You feel yourself speed up.
You are very lightly contaminated with residual magic.
The efreet gestures at you.
The fireball explodes!
The fireball engulfs you!
* * * LOW HITPOINT WARNING * * *
The fireball engulfs the efreet.
The efreet completely resists.
There is a stone staircase leading down here.
There is a stone staircase leading up here.
The efreet gestures at you.
The fireball explodes!
The fireball engulfs you!
You die...

........................#......
...............................
.......##......................
............#.##.#......#...##.
..............#.....[..........
..............#.........#...###
..............#.............#
...........#..#.............#
#########.......@............#
.........C§§§R......(((.(......
(######.§........#.(....##.....
.# ..........#.#.#.......#.....
.##......................######
.##....#.#.................
.##....#.#....)<......#.##..
.........#.......#.####.# ..
C........#........... ..


You could see a cyclops and an efreet.

Vanquished Creatures
  A hydra (D:9)
  A death knight (D:12)
  A centaur warrior (D:12)
  Sonja (D:13)
  An unseen horror (D:11)
  Pikel (D:6)
  A hill giant (D:11)
  A cyclops (D:13)
  2 freezing wraiths
  The ghost of ErikD the Skirmisher, an amateur HOBe of Trog (Sewer)
  A troll (D:11)
  The ghost of Gargoyl the Covered, an amateur DsAK of Lugonu (D:4)
  6 slime creatures (D:13)
  Prince Ribbit (D:7)
  17 yaks
  A water elemental (D:11)
  A soldier ant (D:11)
  6 ice beasts
  2 eyes of draining
  A slave (D:6)
  2 orc warriors (D:11)
  4 sky beasts
  2 black bears
  3 centaurs
  7 ogres
  3 big kobolds
  9 giant frogs
  Blork the orc (D:6)
  3 scorpions (D:6)
  A wyvern skeleton (D:10)
  10 killer bees
  6 wights
  2 howler monkeys (D:9)
  8 electric eels (D:11)
  3 crimson imps
  4 giant frog zombies
  6 orc priests
  3 quasits
  3 centaur skeletons
  A giant frog skeleton (D:12)
  4 hounds
  3 jellies
  10 orc wizards
  5 iguanas
  7 worker ants
  A hound zombie (D:5)
  A worker ant zombie (D:10)
  17 gnolls
  21 adders
  5 river rats
  A shadow imp (D:5)
  6 oozes
  2 adder zombies
  5 worms
  A dart slug (D:2)
  7 giant geckos
  33 orcs
  9 bats
  5 giant cockroaches
  34 goblins
  25 hobgoblins
  12 jackals
  4 quokkas
  7 ball pythons
  A giant gecko skeleton (D:7)
  A giant gecko zombie (D:6)
  6 giant newts
  A jackal skeleton (D:4)
  24 kobolds
  A quokka zombie (D:3)
  10 rats
  A fungus (D:4)
399 creatures vanquished.

Vanquished Creatures (collateral kills)
  A skeletal warrior (D:12)
  A jelly (D:9)
  An iguana (D:13)
3 creatures vanquished.

Grand Total: 402 creatures vanquished

Notes
Turn   | Place    | Note
--------------------------------------------------------------
     0 | D:1      | mihav the Minotaur Berserker began the quest for the Orb.
     0 | D:1      | Reached XP level 1. HP: 19/19 MP: 0/0
   183 | D:1      | Reached XP level 2. HP: 27/27 MP: 1/1
   542 | D:1      | Reached XP level 3. HP: 29/33 MP: 2/2
   578 | D:2      | Reached ** piety under Trog
  1100 | D:2      | Reached XP level 4. HP: 39/41 MP: 3/3
  1961 | D:4      | Found Faull's Jewellery Emporium.
  1974 | D:4      | Reached skill level 5 in Maces & Flails
  1980 | D:4      | Found Sicvax's Distillery.
  1988 | D:4      | Reached *** piety under Trog
  1988 | D:4      | Reached skill level 5 in Fighting
  1988 | D:4      | Reached XP level 5. HP: 37/48 MP: 4/4
  2013 | D:4      | Noticed Gargoyl's ghost (amateur DsAK)
  2032 | D:4      | Killed Gargoyl's ghost
  2032 | D:4      | Reached XP level 6. HP: 18/57 MP: 5/5
  2066 | D:4      | Found a blossoming altar of Fedhas.
  2083 | D:4      | Found Sonaugre's Weapon Boutique.
  2209 | D:4      | Found Meckacen's Antique Armour Shop.
  2281 | D:4      | Found a glowing drain.
  2291 | Sewer    | Entered a sewer
  2327 | Sewer    | Noticed ErikD's ghost (amateur HOBe)
  2343 | Sewer    | Killed ErikD's ghost
  2343 | Sewer    | Reached skill level 5 in Armour
  2343 | Sewer    | Reached XP level 7. HP: 62/64 MP: 6/6
  3198 | Sewer    | Reached **** piety under Trog
  3310 | D:5      | Entered Level 5 of the Dungeon
  3548 | D:5      | Reached XP level 8. HP: 71/71 MP: 7/7
  3896 | D:5      | Reached ***** piety under Trog
  4422 | D:5      | Reached skill level 1 in Throwing
  5089 | D:6      | Found Vakygaz's Antique Weapon Shoppe.
  5118 | D:6      | Reached XP level 9. HP: 64/81 MP: 8/8
  5195 | D:6      | Noticed Blork the orc
  5200 | D:6      | Killed Blork the orc
  5491 | D:6      | Noticed Pikel
  5502 | D:6      | Killed Pikel
  5724 | D:6      | Bought a pitted mace for 280 gold pieces
  5725 | D:6      | Identified the +4 mace of Imunkum {crush, rPois} (You bought it in a shop on level 6 of the Dungeon)
  5803 | D:7      | Found a staircase to the Ecumenical Temple.
  5830 | D:7      | Reached skill level 5 in Dodging
  5930 | D:7      | Noticed Prince Ribbit
  5940 | D:7      | Killed Prince Ribbit
  5940 | D:7      | Reached skill level 10 in Armour
  6447 | D:8      | Received a gift from Trog
  6749 | D:8      | Reached skill level 10 in Maces & Flails
  6957 | D:8      | Reached XP level 10. HP: 91/91 MP: 9/9
  7167 | D:9      | Found a bloodstained altar of Trog.
  7336 | D:9      | Found an iron altar of Okawaru.
  7336 | D:9      | Found a stormy altar of Qazlal.
  7407 | D:9      | Noticed an eight-headed hydra
  7706 | D:9      | Killed a ten-headed hydra
  7915 | D:9      | Found a basalt altar of Yredelemnul.
  7960 | D:9      | Found Jasa's Magic Scroll Boutique.
  8091 | D:9      | Found a blossoming altar of Fedhas.
  8287 | D:10     | Entered Level 10 of the Dungeon
  8309 | D:10     | Reached ****** piety under Trog
  8467 | D:10     | Found a white marble altar of Elyvilon.
  8477 | D:10     | Received a gift from Trog
  8494 | D:10     | Found Pasijiq's Jewellery Boutique.
  8504 | D:10     | Bought a +2 ring of dexterity for 112 gold pieces
  8947 | D:10     | Reached skill level 10 in Fighting
  9722 | D:11     | Reached XP level 11. HP: 69/100 MP: 5/10
  9728 | D:11     | Received a gift from Trog
 10050 | D:11     | Noticed a hill giant
 10057 | D:11     | Killed a hill giant
 10190 | D:11     | Found a staircase to the Lair.
 10317 | D:11     | Killed an unseen horror
 11880 | D:11     | Reached skill level 1 in Stealth
 12326 | D:12     | Noticed a death knight
 12326 | D:12     | Noticed a skeletal warrior
 12633 | D:12     | Killed a skeletal warrior
 12639 | D:12     | Killed a death knight
 13223 | D:12     | Noticed a centaur warrior
 13232 | D:12     | Killed a centaur warrior
 13538 | D:13     | Received a gift from Trog
 13809 | D:13     | Noticed Sonja
 14052 | D:13     | Killed Sonja
 14052 | D:13     | Reached XP level 12. HP: 110/110 MP: 3/11
 14081 | D:13     | Found a basalt altar of Yredelemnul.
 14164 | D:13     | HP: 5/110 [efreet/fireball (19)]
 14173 | D:13     | Killed from afar by an efreet

Skill      XL: |  1  2  3  4  5  6  7  8  9 10 11 |
---------------+----------------------------------+-----
Maces & Flails | 4 5 6 7 8 10 11 12 | 12.6
Fighting       | 4 5 6 7 9 10 11 | 11.5
Armour         | 3 4 5 6 8 10 11 12 | 12.2
Dodging        | 3 4 5 6 9 |  9.6
Throwing       | 1 2 4 |  4.5
Stealth        | 1 |  1.2

Action                   |  1- 3 |  4- 6 |  7- 9 | 10-12 || total
-------------------------+-------+-------+-------+-------++-------
Melee: Mace              |    87 |    82 |   419 |   367 ||   955
       Headbutt          |    10 |    18 |    66 |   107 ||   201
       Great mace        |       |       |       |    19 ||    19
 Fire: Blowgun           |       |       |    14 |       ||    14
Throw: Javelin           |       |       |    10 |    20 ||    30
       Tomahawk          |       |       |       |     9 ||     9
       Throwing net      |       |       |       |     1 ||     1
Invok: Berserk           |       |     2 |     4 |     8 ||    14
       Burn Spellbooks   |       |     1 |       |       ||     1
       Brothers in Arms  |       |       |       |     3 ||     3
  Use: Scroll            |     3 |     4 |    11 |     9 ||    27
       Potion            |       |       |    10 |     7 ||    17
 Stab: Held in net/web   |       |       |       |     1 ||     1
  Eat: Chunk             |     1 |     3 |    19 |    11 ||    34
       Beef jerky        |       |     1 |       |     3 ||     4
       Fruit             |       |       |     3 |    11 ||    14
       Bread ration      |       |       |       |     1 ||     1
       Meat ration       |       |       |       |     1 ||     1
Armor: Chain mail        |    60 |    44 |   236 |    66 ||   406
       Ring mail         |       |       |       |   105 ||   105
Dodge: Dodged            |    44 |    28 |   219 |   272 ||   563
Block: Other             |       |       |       |     6 ||     6
       Reflection        |       |       |       |     1 ||     1
